 Dungeon Crawl Stone Soup version 0.31.0-12-g77e489cdc1 (webtiles) character file.

Game seed: 8740326085175505100

196 gohu the Magician (level 6, -3/43 HPs)
             Began as a Djinni Fire Elementalist on Mar 6, 2024.
             Slain by Pargi (4 damage)
             ... on level 4 of the Dungeon.
             The game lasted 00:06:35 (2592 turns).

gohu the Magician (Djinni Fire Elementalist)        Turns: 2592, Time: 00:06:36

Health: -3/43      AC:  4    Str:  7    XL:     6   Next: 4%
Gold:   145        EV: 13    Int: 18    God:
                   SH:  0    Dex: 14

rFire   + + .        b - +0 short sword
rCold   x . .        (no shield)
rNeg    + . .        a - +0 robe
rPois   ∞            o - +0 helmet
rElec   .            j - +0 cloak
rCorr   .            (no gloves)
SInv    .            (boots unavailable)
Will    .....        (no amulet)
Stlth   ++           t - ring of positive energy
HPRegen 0.27/turn    (no ring)
MPRegen 0.00/turn

%: infuse magic (-4 HP)
@: flying
A: sickness immunity, fire resistance 2, cold vulnerability 1, float, innate
caster, HP casting, extra vitality 1
a: no special abilities


You were on level 4 of the Dungeon.
You visited 1 branch of the dungeon, and saw 4 of its levels.

You collected 145 gold pieces.

Inventory:

Hand Weapons
 b - a +0 short sword (weapon)
Missiles
 n - 4 boomerangs (quivered)
Armour
 a - a +0 robe (worn)
 j - a +0 cloak (worn)
 o - a +0 helmet (worn)
Jewellery
 t - a ring of positive energy (left hand)
Scrolls
 c - 4 scrolls of identify {unknown}
 d - 2 scrolls of immolation {unknown}
 g - a scroll of fear {unknown}
 h - a scroll of amnesia {unknown}
 q - a scroll of teleportation {unknown}
 r - a scroll of poison {unknown}
 s - a scroll of vulnerability {unknown}
 v - a scroll of silence {unknown}
Potions
 e - a potion of cancellation {unknown}
 f - a potion of attraction {unknown}
 i - a potion of enlightenment {unknown}
 k - a potion of berserk rage {unknown}
 l - 2 potions of heal wounds {unknown}
 m - 3 potions of degeneration {unknown}
 p - a potion of mutation {unknown}
 u - a potion of curing {unknown}


   Skills:
 * Level 1.8 Fighting
 - Level 3.6 Dodging
 - Level 2.8 Stealth
 + Level 3.9 Spellcasting
 + Level 3.9 Conjurations
 + Level 3.9 Hexes
 + Level 3.9 Summonings
 + Level 3.9 Necromancy
 + Level 3.9 Translocations
 + Level 3.9 Fire Magic
 + Level 3.9 Ice Magic
 + Level 3.9 Air Magic
 + Level 3.9 Earth Magic
 + Level 3.9 Alchemy


You knew the following spells:

 Your Spells              Type           Power      Damage    Failure   Level
a - Foxfire               Conj/Fire      68%        2x1d7     3%          1
b - Scorch                Fire           34%        2d6       4%          2
c - Volatile Blastmotes   Fire/Tloc      34%        2d12      9%          3
d - Inner Flame           Hex/Fire       17%        N/A       9%          3
e - Flame Wave            Conj/Fire      17%        2d7       28%         4
f - Sting                 Conj/Alch      68%        1d7       3%          1
g - Jinxbite              Hex            34%        N/A       4%          2
Your spell library was empty.

Dungeon Overview and Level Annotations

Branches:
Dungeon (4/15)
 Temple: D:4-7

Altars:
Ru

Shops:
D:2 :

Annotations:
D:4 Pargi


Innate Abilities, Weirdness & Mutations

You are immune to sickness and miasma.
You are immune to poison.
Your flesh is very heat resistant. (rF++)
You are vulnerable to cold. (rC-)
You float through the air rather than walking.
You learn spells naturally, not from books.
Your magical power is your life essence.
You have superior vitality. (+4 MHP)


Message History

Pargi claws you but does no damage.
The foxfire hits Pargi.
Pargi is moderately wounded.
The foxfire hits Pargi!
Pargi is heavily wounded.
Pargi bites you.
* * * LOW HITPOINT WARNING * * *
Pargi closely misses you. Pargi claws you.
* * * LOW HITPOINT WARNING * * *
Casting: Foxfire (safe; 3% risk of failure)
Confirm with . or Enter, or press ? or * to list all spells.
You conjure some foxfire!
* * * LOW HITPOINT WARNING * * *
Pargi misses you. Pargi claws you but does no damage. x2
The foxfire hits Pargi.
Pargi is severely wounded.
The foxfire hits Pargi.
Pargi is almost dead.
Pargi closely misses you. Pargi misses you. Pargi claws you but does no damage.
Casting: Foxfire (safe; 3% risk of failure)
Confirm with . or Enter, or press ? or * to list all spells.
You conjure some foxfire!
* * * LOW HITPOINT WARNING * * *
Pargi bites you.
* * * LOW HITPOINT WARNING * * *
Pargi claws you.
* * * LOW HITPOINT WARNING * * *
Pargi claws you but does no damage.
The foxfire hits Pargi.
Pargi is almost dead.
The foxfire hits Pargi.
Pargi is almost dead.
Pargi clenches his teeth.
Pargi closely misses you. x2; Pargi claws you but does no damage.
Casting: Foxfire (safe; 3% risk of failure)
Confirm with . or Enter, or press ? or * to list all spells.
You conjure some foxfire!
* * * LOW HITPOINT WARNING * * *
Pargi completely misses you. Pargi barely misses you. Pargi claws you.
You die...

....#..........# #........
#.#
....#.......######....[...
#.#
....#.......#....#........
#.# #####.......#....#.#
#.# ##########......#.#
#.#
#...............#.######
#.#
#...............#......#
#.#
#[..............#......##
#.#
#..........#...@T)......#
#.#
#.............§vv.......#
#.##
+.............>.........#
#...
#.......................#
####
#.......................#
#.......................#
#.......................#
###########.............#
#....#########


You could see Pargi (ally target).

Vanquished Creatures
  An iguana (D:4)
  Natasha (twice) (D:2)
  An orc wizard (D:4)
  3 gnolls (D:2)
  A ribbon worm (D:2)
  2 dart slugs (D:2)
  2 orcs
  An endoplasm (D:3)
  5 giant cockroaches
  9 hobgoblins
  6 kobolds
  2 quokkas
  6 ball pythons
  3 bats
  5 frilled lizards (D:2)
  6 goblins
  6 rats
61 creatures vanquished.

Vanquished Creatures (others)
  217 foxfires
217 creatures vanquished.

Grand Total: 278 creatures vanquished

Notes
Turn   | Place    | Note
-------+----------+-------------------------------------------
     0 | D:1      | gohu the Djinni Fire Elementalist began the quest for the
                  | Orb.
     0 | D:1      | gohu set off with the following spells memorised: Foxfire,
                  | Scorch, Volatile Blastmotes, Inner Flame, Flame Wave.
     0 | D:1      | Reached XP level 1. HP: 15/15 MP: 0/0
   202 | D:1      | Reached XP level 2. HP: 21/21 MP: 0/0
   479 | D:1      | Found a faded altar of an unknown god.
   663 | D:1      | Reached XP level 3. HP: 24/25 MP: 0/0
   663 | D:1      | Learned a level 1 spell: Sting
   871 | D:2      | Noticed Natasha
   879 | D:2      | Killed Natasha
   880 | D:2      | Reached XP level 4. HP: 16/31 MP: 0/0
  1271 | D:2      | Noticed Natasha
  1277 | D:2      | Killed Natasha
  1278 | D:2      | Reached XP level 5. HP: 31/35 MP: 0/0
  1278 | D:2      | Learned a level 2 spell: Jinxbite
  1375 | D:2      | Found Ello's Book Emporium.
  2320 | D:4      | Found a sacrificial altar of Ru.
  2333 | D:4      | Reached skill level 1 in Fighting
  2513 | D:4      | Reached XP level 6. HP: 38/43 MP: 0/0
  2565 | D:4      | Noticed Pargi
  2590 | D:4      | HP: 1/43 [Pargi (2)]
  2592 | D:4      | Slain by Pargi

Illustrated notes

Levels and vault maps discovered:
D:1:      wander_arrival_lonely_grave, layout_loops_ring, serial_rivers,
          chequers_serial_rivers_micro_d, chequers_serial_rivers_small_a,
          chequers_serial_rivers_large_a, chequers_serial_rivers_small_b,
          chequers_serial_rivers_room_a, chequers_serial_rivers_marsh,
          hellmonk_ecumenical_altar_arch_garden
D:2:      layout_basic, serial_curves, eino_curves_01, eino_curves_01,
          serial_shops, shop, minmay_misc_feat_more_columns, uniq_natasha
D:3:      layout_loops_ring, serial_rivers, chequers_serial_rivers_micro_a,
          chequers_serial_rivers_micro_e, chequers_serial_rivers_micro_d,
          chequers_serial_rivers_small_b
D:4:      layout_basic, nicolae_ru_great_annihilating_truth, uniq_pargi

Skill      XL: |  1  2  3  4  5 |
---------------+----------------+-----
Stealth        | 2 |  2.8
Dodging        | 3 |  3.6
Fighting       | 1 |  1.8
Spellcasting   | |  3.9
Conjurations   | |  3.9
Hexes          | |  3.9
Summonings     | |  3.9
Necromancy     | |  3.9
Translocations | |  3.9
Fire Magic     | |  3.9
Ice Magic      | |  3.9
Air Magic      | |  3.9
Earth Magic    | |  3.9
Alchemy        | |  3.9

Action                     |  1- 3 |  4- 6 || total
---------------------------+-------+-------++-------
   Cast: Foxfire           |    54 |    73 ||   127
 Armour: Robe              |     7 |    40 ||    47
  Dodge: Dodged            |    11 |    39 ||    50
